 Dungeon Crawl Stone Soup version 0.23.1-37-gaa34b87 (webtiles) character file.

Game seed: 3342191530985039191

27 Borgoz the Skirmisher (level 3, -4/31 HPs)
             Began as a Ghoul Monk on Mar 22, 2019.
             Slain by a gnoll
             ... wielding a +0 halberd
              (10 damage)
             ... on level 1 of the Dungeon.
             The game lasted 00:01:24 (1203 turns).

Borgoz the Skirmisher (Ghoul Monk)                  Turns: 1203, Time: 00:01:25

Health: -4/31      AC:  3    Str: 14    XL:     3   Next: 10%
Magic:  2/2        EV: 18    Int:  6    God:
Gold:   39         SH:  0    Dex: 16    Spells: 2/2 levels left

rFire    . . .     SeeInvis .     - Unarmed
rCold    + . .     Gourm    .   (no shield)
rNeg     + + +     Faith    .   d - +0 leather armour
rPois    ∞         Spirit   .   (no helmet)
rElec    .         Reflect  .   (no cloak)
rCorr    .         Harm     .   (no gloves)
MR       .....                  (no boots)
Stlth    +++.......             (no amulet)
HPRegen  0.00/turn              (no ring)
MPRegen  0.08/turn              (no ring)

@: agile, rotting
A: rotting body, claws 1, carnivore, cold resistance 1, negative energy
resistance 3, inhibited regeneration, torment resistance, unbreathing
a: no special abilities


You were on level 1 of the Dungeon.
You were not hungry.

You visited 1 branch of the dungeon, and saw 2 of its levels.

You collected 39 gold pieces.

Inventory:

Hand Weapons
 e - a +0 short sword
Armour
 a - a +0 robe
 d - a +0 leather armour (worn)
Scrolls
 g - 3 scrolls of identify {unknown}
 h - 2 scrolls of enchant armour {unknown}
 i - a scroll of remove curse {unknown}
Potions
 f - a potion of curing {unknown}
Comestibles
 b - 2 rations
 j - 2 chunks of flesh


   Skills:
 + Level 3.4 Fighting
 * Level 1.3 Short Blades
 * Level 1.0 Armour
 + Level 2.8 Dodging
 + Level 2.4 Stealth
 - Level 3.2 Unarmed Combat


You had 2 spell levels left.
You didn't know any spells.
Your spell library was empty.

Dungeon Overview and Level Annotations

Branches:
Dungeon (2/15)

Altars:


Innate Abilities, Weirdness & Mutations

Your body is rotting away.
You thrive on raw meat.
You are immune to poison.
You have sharp fingernails.
You are carnivorous and can eat meat at any time.
Your flesh is cold resistant. (rC+)
You are immune to negative energy. (rN+++)
You do not regenerate when monsters are visible.
You are immune to unholy pain and torment.
You can survive without breathing.


Message History

A gnoll comes into view.
You barely miss the adder. The adder bites you.
You closely miss the adder. The adder barely misses you.
You barely miss the adder.
The gnoll hits you from afar with a +0 halberd!
The adder barely misses you. The gnoll hits you but does no damage.
The adder closely misses you. The gnoll barely misses you.
The gnoll hits you with a +0 whip. The gnoll hits you with a +0 halberd.
There is a stone staircase leading up here.
The adder misses you. The adder barely misses you.
The gnoll closely misses you.
You climb upwards.
There is a stone staircase leading down here.
You barely miss the gnoll. The adder bites you.
* * * LOW HITPOINT WARNING * * *
It was a potion of agility.
You feel agile all of a sudden. The gnoll hits you with a +0 halberd!
You die...

#.#.# #.# ## #.#.# #.# .#
######.#.# #.# .#
#......#.##### #.# .#
########÷#...# #.#
################.#.#.# #.#
............#....#.#.# #.#
#########.#(#.####.#.# #.#
'..............S@#.#.# #.#
#######.##..####g#.#.# ###
....#.#.##..# #.#.#.#
..#.#.....#.## #.#.#.# ###
###.#.#.#.#..# #.#.#.# #≈#
........#.#..###.#.#.# ##≈##
....#...#.#...##.#.#^# #≈≈≈##
#####...#.#.#.##.#.#.# #≈≈≈≈#
.....#..#.#.#.##.#.#.####≈≈≈≈#


You could see a gnoll and an adder.

Vanquished Creatures
  A dart slug (D:1)
  6 bats (D:1)
  2 giant cockroaches (D:1)
  3 goblins (D:1)
  2 hobgoblins (D:1)
  A frilled lizard (D:1)
  4 kobolds (D:1)
  7 rats (D:1)
26 creatures vanquished.

Notes
Turn   | Place    | Note
-------+----------+-------------------------------------------
     0 | D:1      | Borgoz the Ghoul Monk began the quest for the Orb.
     0 | D:1      | Reached XP level 1. HP: 19/19 MP: 0/0
   336 | D:1      | Reached XP level 2. HP: 25/26 MP: 1/1
   560 | D:1      | Reached skill level 1 in Short Blades
   895 | D:1      | Reached XP level 3. HP: 31/31 MP: 2/2
  1065 | D:1      | Reached skill level 1 in Armour
  1203 | D:1      | Slain by a gnoll

Skill      XL: |  1  2  3 |
---------------+----------+-----
Short Blades   | 1 |  1.3
Armour         | 1 |  1.0
Fighting       | |  3.4
Dodging        | |  2.8
Stealth        | |  2.4
Unarmed Combat | |  3.2

Action                   || total
-------------------------++-------
Melee: Unarmed           ||    90
       Punch             ||     1
  Use: Potion            ||     1
 Stab: Sleeping          ||     5
  Eat: Chunk             ||     6
Armor: Leather armour    ||    26
Dodge: Dodged            ||    73
